 Dungeon Crawl Stone Soup version 0.26.1-11-gd32895ea62 (webtiles) character file.

Game seed: 8807893634376558496

153 Almogavar the Cutter (level 5, -3/43 HPs)
             Began as a Gnoll Wanderer on May 27, 2021.
             Slain by a centaur skeleton (7 damage)
             ... on level 4 of the Dungeon.
             The game lasted 00:04:31 (1852 turns).

Almogavar the Cutter (Gnoll Wanderer)               Turns: 1852, Time: 00:04:31

Health: -3/43      AC:  3    Str: 14    XL:     5   Next: 35%
Magic:  7/7        EV: 16    Int: 13    God:
Gold:   64         SH:  0    Dex: 17    Spells: 6/6 levels left

rFire    . . .     SeeInvis .   a - +2 short sword
rCold    . . .     Faith    .   (no shield)
rNeg     . . .     Spirit   .   c - +0 robe
rPois    .         Reflect  .   (no helmet)
rElec    .         Harm     .   (no cloak)
rCorr    .         Rampage  .   n - +0 pair of gloves (curse)
Will     .....                  (no boots)
Stlth    +++.......             (no amulet)
HPRegen  0.14/turn              j - +4 ring of evasion
MPRegen  0.10/turn              k - ring of stealth

@: no status effects
A: distributed training, fangs 1, strong nose
a: no special abilities


You were on level 4 of the Dungeon.
You visited 1 branch of the dungeon, and saw 3 of its levels.

You collected 64 gold pieces.

Inventory:

Hand Weapons
 a - a +2 short sword (weapon)
Missiles
 e - 91 stones (quivered)
 g - 15 sling bullets
 p - 41 arrows
Armour
 c - a +0 robe (worn)
 n - a cursed +0 pair of gloves (worn)
Jewellery
 j - a +4 ring of evasion (left hand)
 k - a ring of stealth (right hand)
 o - an uncursed ring of wizardry
Wands
 l - a wand of acid (11)
Scrolls
 f - 2 scrolls of identify {unknown}
 h - 3 scrolls of teleportation {unknown}
 i - a scroll of fear {unknown}
 q - a scroll of amnesia {unknown}
 r - a scroll of remove curse {unknown}
Potions
 b - 2 potions of lignification
 d - 2 potions of might {unknown}
 m - a potion of degeneration {unknown}


   Skills:
 + Level 4.8 Fighting
 + Level 6.7 Short Blades
 + Level 1.4 Long Blades
 + Level 1.4 Axes
 + Level 1.4 Maces & Flails
 + Level 1.4 Polearms
 + Level 1.4 Staves
 + Level 1.4 Slings
 + Level 1.4 Bows
 + Level 1.4 Crossbows
 + Level 3.0 Throwing
 + Level 4.8 Armour
 + Level 1.4 Dodging
 + Level 2.7 Stealth
 + Level 3.0 Shields
 + Level 1.4 Unarmed Combat
 + Level 1.4 Spellcasting
 + Level 1.1 Conjurations
 + Level 1.1 Hexes
 + Level 1.1 Summonings
 + Level 1.1 Necromancy
 + Level 1.1 Translocations
 + Level 1.1 Transmutations
 + Level 1.1 Fire Magic
 + Level 1.1 Ice Magic
 + Level 1.1 Air Magic
 + Level 1.1 Earth Magic
 + Level 1.1 Poison Magic
 + Level 1.6 Invocations
 + Level 1.4 Evocations


You had 6 spell levels left.
You didn't know any spells.
Your spell library was empty.

Dungeon Overview and Level Annotations

Branches:
Dungeon (2/15)

Altars:
Dithmenos


Innate Abilities, Weirdness & Mutations

Your experience applies equally to all skills.
You have very sharp teeth.
Your uncanny sense of smell can sniff out nearby items.


Message History

You hit the centaur skeleton.
The centaur skeleton is lightly damaged.
The centaur skeleton closely misses you.
You puncture the centaur skeleton!
The centaur skeleton is moderately damaged.
The gnoll hits you from afar with a +0 spear.
The centaur skeleton hits you.
You hit the centaur skeleton. You bite the centaur skeleton.
The centaur skeleton is heavily damaged.
The gnoll hits you from afar with a +0 spear.
* * * LOW HITPOINT WARNING * * *
The centaur skeleton hits you.
* * * LOW HITPOINT WARNING * * *
You hit the centaur skeleton but do no damage.
The centaur skeleton is heavily damaged.
The centaur skeleton barely misses you. The gnoll misses you.
You hit the centaur skeleton but do no damage.
The centaur skeleton is heavily damaged.
The centaur skeleton hits you!
You die...

∆ ∆ # .# .. .#
############..#
Z........@Zg..#
...#########..#
..# ..# .# ∆ ..
#


You could see a gnoll and a centaur skeleton.

Vanquished Creatures
  A centaur skeleton (D:4)
  7 gnolls
  An adder (D:2)
  2 worms (D:2)
  A dart slug (D:1)
  2 leopard geckos
  2 goblins
  7 hobgoblins
  5 jackals
  A ball python (D:1)
  3 bats (D:1)
  A frilled lizard (D:1)
  5 kobolds
  4 rats
42 creatures vanquished.

Notes
Turn   | Place    | Note
-------+----------+-------------------------------------------
     0 | D:1      | Almogavar the Gnoll Wanderer began the quest for the Orb.
     0 | D:1      | Almogavar set off with the following items: a +2 short
                  | sword, 2 potions of lignification, a +0 robe
     0 | D:1      | Reached XP level 1. HP: 20/20 MP: 1/1
   220 | D:1      | Reached XP level 2. HP: 26/26 MP: 2/2
  1040 | D:2      | Reached XP level 3. HP: 29/31 MP: 2/4
  1069 | D:2      | Found a shadowy altar of Dithmenos.
  1094 | D:1      | Reached skill level 1 in Invocations
  1188 | D:2      | Reached skill level 1 in Long Blades
  1188 | D:2      | Reached skill level 1 in Axes
  1188 | D:2      | Reached skill level 1 in Maces & Flails
  1188 | D:2      | Reached skill level 1 in Polearms
  1188 | D:2      | Reached skill level 1 in Staves
  1188 | D:2      | Reached skill level 1 in Slings
  1188 | D:2      | Reached skill level 1 in Bows
  1188 | D:2      | Reached skill level 1 in Crossbows
  1188 | D:2      | Reached skill level 1 in Dodging
  1188 | D:2      | Reached skill level 1 in Unarmed Combat
  1188 | D:2      | Reached skill level 1 in Spellcasting
  1188 | D:2      | Reached skill level 1 in Evocations
  1229 | D:2      | Reached XP level 4. HP: 12/38 MP: 5/5
  1687 | D:2      | Reached skill level 1 in Conjurations
  1687 | D:2      | Reached skill level 1 in Hexes
  1687 | D:2      | Reached skill level 1 in Summonings
  1687 | D:2      | Reached skill level 1 in Necromancy
  1687 | D:2      | Reached skill level 1 in Translocations
  1687 | D:2      | Reached skill level 1 in Transmutations
  1687 | D:2      | Reached skill level 1 in Fire Magic
  1687 | D:2      | Reached skill level 1 in Ice Magic
  1687 | D:2      | Reached skill level 1 in Air Magic
  1687 | D:2      | Reached skill level 1 in Earth Magic
  1687 | D:2      | Reached skill level 1 in Poison Magic
  1820 | D:2      | You fall into a shaft and drop 2 floors!
  1826 | D:4      | Reached XP level 5. HP: 43/43 MP: 5/7
  1852 | D:4      | Slain by a centaur skeleton

Illustrated notes

Levels and vault maps discovered:
D:1:      mrwooster_arrival_statue_3, layout_loops_corners
D:2:      layout_loops_corners, nicolae_dithmenos_shadow_blocks
D:4:      layout_basic, gammafunk_temple_overflow_claw, grunt_ministairs_11,
          uniq_eustachio

Skill      XL: |  1  2  3  4  5 |
---------------+----------------+-----
Invocations    | 1 |  1.6
Long Blades    | 1 |  1.4
Axes           | 1 |  1.4
Maces & Flails | 1 |  1.4
Polearms       | 1 |  1.4
Staves         | 1 |  1.4
Slings         | 1 |  1.4
Bows           | 1 |  1.4
Crossbows      | 1 |  1.4
Dodging        | 1 |  1.4
Unarmed Combat | 1 |  1.4
Spellcasting   | 1 |  1.4
Evocations     | 1 |  1.4
Conjurations   | 1 |  1.1
Hexes          | 1 |  1.1
Summonings     | 1 |  1.1
Necromancy     | 1 |  1.1
Translocations | 1 |  1.1
Transmutations | 1 |  1.1
Fire Magic     | 1 |  1.1
Ice Magic      | 1 |  1.1
Air Magic      | 1 |  1.1
Earth Magic    | 1 |  1.1
Poison Magic   | 1 |  1.1
Throwing       | 3 |  3.0
Shields        | 3 |  3.0
Fighting       | |  4.8
Short Blades   | |  6.7
Armour         | |  4.8
Stealth        | |  2.7

Action                   |  1- 3 |  4- 6 || total
-------------------------+-------+-------++-------
Melee: Short sword       |    62 |    47 ||   109
       Bite              |    10 |    11 ||    21
 Stab: Sleeping          |     7 |     3 ||    10
Armor: Robe              |     6 |     3 ||     9
Dodge: Dodged            |    35 |    21 ||    56
